 Dungeon Crawl Stone Soup version 0.30-a0-737-gf23d94013f (webtiles) character file.

Game seed: 16068192105970528605

6550 mopl the Basher (level 11, -2/93 HPs)
             Began as a Meteoran Berserker on Feb 2, 2023.
             Was a High Priest of Trog.
             Succumbed to a water moccasin's poison
             ... on level 8 of the Dungeon.
             The game lasted 00:19:23 (4339 turns).

mopl the Basher (Meteoran Berserker)                Turns: 4339, Time: 00:19:24

Health: -2/93      AC: 16    Str: 24    XL:     11   Next: 43%
Magic:  1/12       EV: 10    Int:  8    God:    Trog [*****.]
Gold:   575        SH:  0    Dex: 14    Spells: 10/10 levels left

rFire   . . .      SeeInvis .    J - +0 dire flail
rCold   . . .      Faith    .    (shield currently unavailable)
rNeg    + . .      Spirit   +    l - +0 plate armour
rPois   .          Reflect  .    (no helmet)
rElec   .          Harm     .    r - +0 cloak
rCorr   .          Rampage  .    c - +0 pair of gloves
Will    +....                    (no boots) Stlth
                                 A - amulet of guardian spirit
HPRegen 0.35/turn                w - ring of positive energy
MPRegen 0.13/turn                (no ring)

@: lethally poisoned (-2 -> -27), glowing
A: sense surroundings 2, otherworldly, glowing, explore regen
a: Renounce Religion, Berserk, Trog's Hand, Brothers in Arms


You were on level 8 of the Dungeon.
You worshipped Trog.
Trog was extremely pleased with you.
You visited 1 branch of the dungeon, and saw 8 of its levels.
You also visited: Sewer and Ossuary.

You collected 575 gold pieces.

Inventory:

Hand Weapons
 a - a +0 mace
 j - a +2 flail of protection
 J - a +0 dire flail (weapon)
Missiles
 t - 3 curare-tipped darts (quivered)
 D - 3 throwing nets
 L - 13 poisoned darts
Armour
 c - a +0 pair of gloves (worn)
 f - an orb of guile
 i - a +0 tower shield
 l - a +0 plate armour (worn)
 r - a +0 cloak (worn)
 u - a +3 leather armour of cold resistance
Jewellery
 w - a ring of positive energy (left hand)
 A - an amulet of guardian spirit (around neck)
 K - a ring of protection from fire
Wands
 g - a wand of mindburst (4)
 q - a wand of flame (17)
 E - a wand of paralysis (5)
Scrolls
 d - a scroll of poison {unknown}
 k - 2 scrolls of blinking
 m - a scroll of fog {unknown}
 n - 2 scrolls of fear
 o - a scroll of enchant weapon {unknown}
 p - 3 scrolls of immolation {unknown}
 s - 4 scrolls of teleportation {unknown}
 x - 3 scrolls of enchant armour {unknown}
 y - 4 scrolls of vulnerability {unknown}
 C - a scroll of amnesia {unknown}
 G - 2 scrolls of silence {unknown}
 H - a scroll of brand weapon {unknown}
 I - a scroll of magic mapping {unknown}
 M - a scroll of identify
Potions
 b - 5 potions of haste
 h - a potion of cancellation
 v - 4 potions of mutation {!q}
 z - a potion of flight
 B - a potion of might
 F - a potion of ambrosia {unknown}


   Skills:
 + Level 7.7 Fighting
 * Level 12.2 Maces & Flails
 + Level 6.8 Throwing
 + Level 8.1 Armour
 + Level 8.0 Dodging
 + Level 6.7 Evocations


You had 10 spell levels left.
You didn't know any spells.
Your spell library was empty.

Dungeon Overview and Level Annotations

Branches:
Dungeon (8/15) Zot: 952    Temple (0/1) D:6           Sewer (visited)
Ossuary (visited)
   Lair: D:8-11

Altars:
Elyvilon
Makhleb
Qazlal
Trog
Wu Jian
Zin

Annotations:
D:4 dig


Innate Abilities, Weirdness & Mutations

You passively map the area around you.
You are easily found by Zot.
You glow in the dark.
You regain HP and MP as you explore.


Message History

The water moccasin poisons you!
You miss the water moccasin.
The water moccasin is heavily wounded.
* * * LOW HITPOINT WARNING * * *
You feel very sick.
The water moccasin bites you but does no damage.
You barely miss the water moccasin.
The water moccasin is heavily wounded.
* * * LOW HITPOINT WARNING * * *
You feel very sick. The water moccasin bites you.
* * * LOW HITPOINT WARNING * * *
You feel better. The water moccasin barely misses you.
You hit the water moccasin.
The water moccasin is heavily wounded.
The water moccasin bites you but does no damage.
You closely miss the water moccasin.
The water moccasin is heavily wounded.
The water moccasin barely misses you.
You thump the water moccasin!
The water moccasin is almost dead.
The water moccasin bites you.
* * * LOW HITPOINT WARNING * * *
You barely miss the water moccasin.
The water moccasin is almost dead.
The water moccasin bites you.
* * * LOW HITPOINT WARNING * * *
You are lethally poisoned!
The water moccasin poisons you!
You barely miss the water moccasin.
The water moccasin is almost dead.
* * * LOW HITPOINT WARNING * * *
You feel very sick. The water moccasin bites you.
* * * LOW HITPOINT WARNING * * *
You are more poisoned.
The water moccasin poisons you!
You closely miss the water moccasin.
The water moccasin is almost dead.
You die...

* ..............o#
#......#......#* * * *
, ##.....#)....# ,
........?.#...# *
##...###.##/.#* ,* #..
*#.....## * ##.,
##.....# * * , *
#.###S....####.### ~ *
...#...@#.....#.#....#
, *,
#.......###...#.......
, *,
*.........##.........[#
, .....).......#......#
,, .#..........##.....#
, * #................(#
, * #.........[......##
, ...................##
...............:....###


You could see a water moccasin.

Vanquished Creatures
  Pikel (D:7)
  Maurice (D:8)
  2 wyverns (D:7)
  Sigmund (D:4)
  A steam dragon (D:7)
  Menkaure (D:6)
  Edmund (D:5)
  5 water moccasins
  2 black bears (D:8)
  An orc warrior (D:8)
  3 sky beasts
  An ogre (D:5)
  A phantom (D:6)
  4 centaurs
  A kobold brigand (D:7)
  4 bullfrogs
  10 scorpions
  10 wights
  10 killer bees (D:7)
  An electric eel (D:6)
  3 howler monkeys
  2 centaur zombies (Ossuary)
  6 hounds
  An orc priest (D:6)
  A gnoll bouda (D:7)
  6 human zombies (Ossuary)
  5 jellies
  Natasha (thrice) (D:4)
  6 iguanas
  6 orc wizards
  A scorpion zombie (Ossuary)
  3 mummies (Ossuary)
  10 gnolls
  10 adders
  2 river rats (Sewer)
  A shadow imp (D:7)
  An ufetubus (D:4)
  2 worms
  2 dart slugs
  24 orcs
  6 ball pythons
  16 endoplasms
  5 giant cockroaches
  6 hobgoblins
  2 jackals (D:1)
  13 kobolds
  6 quokkas
  A bat (D:1)
  6 frilled lizards
  3 gnoll zombies (Ossuary)
  6 goblins
  4 hobgoblin zombies (Ossuary)
  2 kobold zombies (Ossuary)
  2 orc zombies (Ossuary)
  10 rats
244 creatures vanquished.

Vanquished Creatures (others)
  19 fungi (D:8)
  17 plants (D:8)
36 creatures vanquished.

Grand Total: 280 creatures vanquished

Notes
Turn   | Place    | Note
-------+----------+-------------------------------------------
     0 | D:1      | mopl the Meteoran Berserker began the quest for the Orb.
     0 | D:1      | Reached XP level 1. HP: 19/19 MP: 2/2
    48 | D:1      | Reached XP level 2. HP: 21/26 MP: 3/3
   206 | D:1      | Reached XP level 3. HP: 29/31 MP: 4/4
   565 | D:2      | Reached ** piety under Trog
   576 | D:2      | Identified the +1 robe "Savam" {Slay+5}
   613 | D:2      | Reached skill level 3 in Dodging
   675 | D:2      | Reached skill level 3 in Armour
   681 | D:2      | Reached XP level 4. HP: 40/40 MP: 5/5
   875 | D:3      | Found an ornate altar of the Wu Jian Council.
   934 | D:3      | Found a stormy altar of Qazlal.
  1022 | D:3      | Reached skill level 5 in Maces & Flails
  1071 | D:3      | Reached XP level 5. HP: 46/46 MP: 6/6
  1096 | D:3      | Reached skill level 4 in Fighting
  1295 | D:4      | Found a glowing silver altar of Zin.
  1322 | D:4      | Found a white marble altar of Elyvilon.
  1325 | D:4      | Noticed Sigmund
  1335 | D:4      | Killed Sigmund
  1336 | D:4      | Reached skill level 6 in Maces & Flails
  1336 | D:4      | Reached skill level 4 in Armour
  1336 | D:4      | Reached skill level 4 in Dodging
  1336 | D:4      | Reached XP level 6. HP: 53/53 MP: 7/7
  1495 | D:4      | Reached XP level 7. HP: 54/60 MP: 8/8
  1507 | D:4      | Noticed Natasha
  1524 | D:4      | Killed Natasha
  1593 | D:4      | Noticed Natasha
  1605 | D:4      | Killed Natasha
  1614 | D:4      | Noticed Natasha
  1621 | D:4      | Killed Natasha
  1622 | D:4      | Reached skill level 1 in Evocations
  1648 | D:5      | Entered Level 5 of the Dungeon
  1648 | D:5      | Noticed Edmund
  1655 | D:5      | Reached skill level 1 in Throwing
  1659 | D:5      | Reached skill level 7 in Maces & Flails
  1677 | D:5      | Killed Edmund
  1678 | D:5      | Reached XP level 8. HP: 13/67 MP: 9/9
  1696 | D:5      | Reached skill level 2 in Throwing
  1696 | D:5      | Reached skill level 2 in Evocations
  1710 | D:5      | Reached skill level 5 in Fighting
  1726 | D:5      | Found a sand-covered staircase.
  1739 | D:5      | Reached skill level 5 in Dodging
  1747 | Ossuary  | Entered an ossuary
  1771 | Ossuary  | Reached skill level 5 in Armour
  1803 | Ossuary  | Reached skill level 8 in Maces & Flails
  1829 | Ossuary  | Reached *** piety under Trog
  1866 | Ossuary  | Reached skill level 3 in Throwing
  1916 | Ossuary  | Reached skill level 3 in Evocations
  1936 | Ossuary  | Gained mutation: You passively map the area around you.
                  | [Meteoran growth]
  1936 | Ossuary  | Reached XP level 9. HP: 64/74 MP: 10/10
  2184 | D:5      | Reached skill level 9 in Maces & Flails
  2324 | D:5      | Reached skill level 4 in Throwing
  2324 | D:5      | Reached skill level 4 in Evocations
  2400 | D:5      | Reached **** piety under Trog
  2401 | D:5      | Reached skill level 6 in Fighting
  2401 | D:5      | Reached skill level 6 in Armour
  2401 | D:5      | Reached skill level 6 in Dodging
  2569 | D:6      | Noticed Menkaure
  2575 | D:6      | Killed Menkaure
  2692 | D:6      | Reached XP level 10. HP: 83/83 MP: 9/11
  2726 | D:6      | Reached skill level 10 in Maces & Flails
  2849 | D:6      | Found a glowing drain.
  2853 | Sewer    | Entered a sewer
  2865 | Sewer    | Reached skill level 5 in Throwing
  2929 | Sewer    | Reached skill level 5 in Evocations
  2999 | Sewer    | Found a viscous altar of Jiyva.
  3114 | D:6      | Found a bloodstained altar of Trog.
  3231 | D:6      | Reached ***** piety under Trog
  3339 | D:6      | Reached skill level 7 in Armour
  3517 | D:7      | Noticed Pikel
  3528 | D:7      | Killed Pikel
  3529 | D:7      | Reached skill level 11 in Maces & Flails
  3529 | D:7      | Reached skill level 7 in Dodging
  3571 | D:7      | Reached skill level 7 in Fighting
  3615 | D:7      | Found a burning altar of Makhleb.
  3639 | D:7      | Reached skill level 6 in Throwing
  3684 | D:7      | Reached skill level 6 in Evocations
  3748 | D:7      | Reached XP level 11. HP: 73/92 MP: 12/12
  3788 | D:7      | HP: 4/138 [killer bee (6)]
  3811 | D:7      | HP: 4/138 [killer bee (4)]
  3910 | D:7      | HP: 4/92 [poisoned by a killer bee]
  4218 | D:8      | Noticed Maurice
  4230 | D:8      | Killed Maurice
  4231 | D:8      | Reached skill level 12 in Maces & Flails
  4304 | D:8      | Reached skill level 8 in Armour
  4317 | D:8      | Reached skill level 8 in Dodging
  4338 | D:8      | HP: 1/93 [water moccasin (4)]
  4339 | D:8      | Succumbed to a water moccasin's poison

Illustrated notes

Levels and vault maps discovered:
D:1:      dpeg_arrival_water_altar, layout_basic
D:2:      layout_loops_ring, nicolae_eternal_life, patterned_corridor
D:3:      layout_loops_ring, nicolae_qazlal_scattered_showers,
          nzn_wu_jian_contemplation
D:4:      layout_cave_pools, zin_treasury, nicolae_elyvilon_peaceful_grove,
          uniq_natasha, uniq_sigmund
D:5:      layout_loops_ring, enter_ossuary_1, uniq_edmund
D:6:      layout_loops_corners, lemuel_crystal_altar,
          minmay_temple_entry_enclosed_plants, gup_sewer_entry_spiral,
          minivault_14, minmay_misc_feat_nine_boxes, uniq_menkaure
D:7:      layout_gridville, mainiacjoe_overflow_catwalk, uniq_pikel
D:8:      layout_cave_pools, due_lair_maze_entry_diamond, serial_bayou,
          serial_bayou_lagoon_b, serial_bayou_pond_c, serial_bayou_crossing,
          uniq_maurice

Skill      XL: |  1  2  3  4  5  6  7  8  9 10 11 |
---------------+----------------------------------+-----
Dodging        | 3 4 5 6 7 8 |  8.0
Armour         | 3 4 5 6 7 8 |  8.1
Maces & Flails | 5 6 7 8 9 11 12 | 12.2
Fighting       | 4 5 6 7 |  7.7
Evocations     | 1 3 4 6 |  6.7
Throwing       | 1 3 4 6 |  6.8

Action                     |  1- 3 |  4- 6 |  7- 9 | 10-12 || total
---------------------------+-------+-------+-------+-------++-------
  Melee: Mace              |    92 |   102 |    58 |       ||   252
         Punch             |       |     2 |     2 |     3 ||     7
         Flail             |       |       |   232 |   165 ||   397
         Dire flail        |       |       |       |   272 ||   272
  Throw: Boomerang         |       |       |     2 |       ||     2
         Dart              |       |       |     1 |     1 ||     2
 Invoke: Berserk           |       |     1 |     4 |     6 ||    11
         Trog's Hand       |       |       |     1 |     1 ||     2
  Evoke: Wand              |       |       |       |     4 ||     4
    Use: Potion            |       |       |     3 |     6 ||     9
         Scroll            |       |       |     8 |     2 ||    10
   Stab: Paralysed         |       |       |       |    10 ||    10
 Armour: Animal skin       |    24 |       |       |       ||    24
         Scale mail        |    16 |       |       |       ||    16
         Plate armour      |       |    85 |   218 |   285 ||   588
         Skin              |       |       |       |    66 ||    66
  Dodge: Dodged            |    55 |    14 |   101 |   187 ||   357

Table legend: (Time is in decaauts)
 A = Elapsed time spent in this place.
 B = Non-inter-level travel time spent in this place.
 C = Inter-level travel time spent in this place.
 D = Time resting spent in this place.
 E = Time spent auto-exploring this place.
 F = Levels seen in this place.
 G = Mean time per level.
                   A        B        C        D        E       F      G
               +--------+--------+--------+--------+--------+-----+--------+
         Total |   4412 |   4223 |    189 |      3 |      3 |  10 |  441.2 |
       Dungeon |   3847 |   3658 |    189 |      3 |      0 |   8 |  480.9 |
         Sewer |    199 |    199 |      0 |      0 |      3 |   1 |  199.0 |
       Ossuary |    365 |    365 |      0 |      0 |      0 |   1 |  365.0 |
               +--------+--------+--------+--------+--------+-----+--------+

Top non-repeatable levels by time:
     D:6: 804 daAuts
     D:7: 639 daAuts
     D:5: 547 daAuts
     D:3: 518 daAuts
     D:2: 442 daAuts
     D:4: 386 daAuts
 Ossuary: 365 daAuts
     D:1: 345 daAuts
   Sewer: 199 daAuts
     D:8: 163 daAuts
